[Event "Late-Titled-Tuesday-Blitz-March-19-2024"]
[Site "Chess.com"]
[Date "2024.03.19"]
[Round "9"]
[White "manitodeplomo"]
[Black "DeArron_Fox"]
[Result "1-0"]
[WhiteElo "2656"]
[BlackElo "2508"]
[TimeControl "180+1"]
[EndTime "15:42:58 PDT"]
[Termination "manitodeplomo won on time"]

1. d4 d5 2. c4 e6 3. Nf3 Nf6 4. Nc3 Be7 5. Bg5 O-O 6. Qc2 h6 7. Bxf6 Bxf6 8. O-O-O a6 9. e4 dxe4 10. Qxe4 Bd7 11. h4 Bc6 12. Qe3 b5 13. g4 bxc4 14.
Bxc4 Nd7 15. g5 hxg5 16. hxg5 Bxf3 17. Qxf3 Bxg5+ 18. Kc2 Rb8 19. Rdg1 Qf6 20. Qe2 Bh6 21. Rg4 Nb6 22. Bb3 Nd5 23. Ne4 Qf5 24. Rh5 Qxh5 25.
Rxg7+ Bxg7 26. Qxh5 Rfd8 27. Ng5 Nb4+ 28. Kb1 Rd7 29.
Nxe6 1-0

[Event "Late-Titled-Tuesday-Blitz-March-19-2024"]
[Site "Chess.com"]
[Date "2024.03.19"]
[Round "9"]
[White "ExtremeLearner"]
[Black "rychessmaster1"]
[Result "0-1"]
[WhiteElo "2550"]
[BlackElo "2744"]
[TimeControl "180+1"]
[EndTime "15:43:00 PDT"]
[Termination "rychessmaster1 won by resignation"]

1. d4 Nf6 2. c4 e6 3. Nc3 Bb4 4. e3 O-O 5. Bd2 b6 6. Nf3 Bb7 7. Rc1 d6 8. Bd3 Nbd7 9. O-O Qe7 10. a3 Bxc3 11. Bxc3 Ne4 12. Be1 f5 13. Nd2 e5 14.
d5 Nxd2 15. Bxd2 e4 16. Be2 Ne5 17. Bc3 Rae8 18. b3 Bc8 19. Qd2 Qg5 20. Kh1 Rf6 21.
f4 exf3 22. gxf3 Rh6 23. Rg1 Qh4 24. Rg2 f4 25. exf4 Bh3 26. Rcg1 Bxg2+ 27. Rxg2 Ng6 28. f5 Nf4 29. Rxg7+ Kf8 30. Bf1 Re2 0-1

[Event "Late-Titled-Tuesday-Blitz-March-19-2024"]
[Site "Chess.com"]
[Date "2024.03.19"]
[Round "9"]
[White "Mikhail_Bryakin"]
[Black "KaydenTroffChess"]
[Result "1/2-1/2"]
[WhiteElo "2730"]
[BlackElo "2850"]
[TimeControl "180+1"]
[EndTime "15:43:01 PDT"]
[Termination "Game drawn by repetition"]

1. Nf3 Nf6 2. e3 g6 3. b3 Bg7 4. Bb2 O-O 5. d4 b6 6. Be2 Bb7 7. O-O d6 8. c4 Nbd7 9. d5 c6 10. dxc6 Bxc6 11. Nc3 Qc8 12. Nd4 Bb7 13. Bf3 Nc5 14.
Bxb7 Qxb7 15. Qe2 a6 16. Rfd1 Rfc8 17. Rac1 Rc7 18. h3 Rac8 19. Rc2 Ncd7 20. Rdc1 Rc5 21. Qf3 Qxf3 22. Nxf3 d5 23. Na4 R5c7 24. Ne1 b5 25. cxb5 Rxc2 26. Rxc2 Rxc2 27. Nxc2 axb5 28. Nc3 Ne4 29. Nd1 Bxb2 30. Nxb2 Nc3 31. a4 bxa4 32.
bxa4 e5 33. a5 Kf8 34. a6 Nb6 35. Nb4 Ke7 36. f4 exf4 37. exf4 Ne2+ 38. Kf2 Nxf4 39. Kf3 Ne6 40. N2d3 Kd6 41. g4 Nc5 42. Kf4 f6 43.
h4 Ne6+ 44. Ke3 Nc4+ 45. Kf3 Nb6 46. Ke3 Nc7 47. Kf4 Ne6+ 48. Ke3 1/2-1/2

[Event "Late-Titled-Tuesday-Blitz-March-19-2024"]
[Site "Chess.com"]
[Date "2024.03.19"]
[Round "9"]
[White "Defenstrator"]
[Black "SocoLoco"]
[Result "1-0"]
[WhiteElo "2441"]
[BlackElo "2146"]
[TimeControl "180+1"]
[EndTime "15:43:02 PDT"]
[Termination "Defenstrator won on time"]

1. e4 c5 2. g3 d5 3. exd5 Qxd5 4. Qf3 Qxf3 5. Nxf3 Nc6 6. Bb5 Bd7 7. O-O f6 8. d4 cxd4 9. Bxc6 Bxc6 10. Nxd4 Bd7 11. Nc3 e5 12. Ndb5 Kf7 13. Rd1 Bc6 14. Be3 a6 15. Nd6+ Ke6 16. Nde4 h6 17. Nc5+ Kf7 18. Nd5 Ne7 19. Nb6 Re8 20. Nc4 Nd5 21. Na5 Nxe3 22.
fxe3 Bxc5 23. Kf2 Rd8 24. Rd3 Bb5 25. Rc3 Bb6 26. Nxb7 Rd2+ 27. Kf3 Rxh2 28. Nd6+ Kg6 29. a4 Bd7 30. Rd1 Bf5 31. Rc6 Rxc2 32. Rxb6 Rd8 33.
Rf1 h5 34. Nxf5 Kxf5 35. e4+ Kg6 36. Re1 Rd3+ 37. Re3 Rdd2 38. Rc3 Rf2+ 39. Ke3 Rfe2+ 40. Kd3 Red2+ 41. Kc4 Rxb2 42. Rxa6 Ra2 43. a5 Rd4+ 44. Kc5 Raa4 45. Ra8 Rxe4 46. a6 Ra1 47. a7 Rea4 48. Kb6 Ra6+ 49. Kb7 e4 50. Rb3 f5 51. Rb6+ Rxb6+ 52. Kxb6 1-0

[Event "Late-Titled-Tuesday-Blitz-March-19-2024"]
[Site "Chess.com"]
[Date "2024.03.19"]
[Round "9"]
[White "Matrix3x3a"]
[Black "MathiasWomacka"]
[Result "1-0"]
[WhiteElo "2615"]
[BlackElo "2493"]
[TimeControl "180+1"]
[EndTime "15:43:05 PDT"]
[Termination "Matrix3x3a won on time"]

1. d4 Nf6 2. c4 e6 3. Nf3 Bb4+ 4.
Nbd2 O-O 5. a3 Be7 6. e4 d5 7. Bd3 c5 8. e5 Nfd7 9. h4 g6 10. h5 cxd4 11. cxd5 exd5 12. hxg6 fxg6 13. Qc2 Qe8 14. Nb3 Nc6 15. e6 Bf6 16. Kf1 Nde5 17. Bh6 Nxd3 18. Qxd3 Bxe6 19. Bxf8 Qxf8 20. Nbxd4 Bg4 21.
Rc1 Nxd4 22. Nxd4 Rc8 23. Rc3 Rxc3 24. Qxc3 Qe7 25. f3 Bd7 26. Kf2 Qe5 27. Ne2 d4 28. Qd2 Bb5 29. g3 d3 30. Nc3 Qd4+ 31. Qe3 Bc6 32.
Rd1 Qxe3+ 33. Kxe3 h5 34. Rxd3 Kg7 35. f4 h4 36.
gxh4 Bxh4 37. Ne4 Be7 38. b4 Kf7 39. Nd6+ 1-0

[Event "Late-Titled-Tuesday-Blitz-March-19-2024"]
[Site "Chess.com"]
[Date "2024.03.19"]
[Round "9"]
[White "rikchessmx"]
[Black "esteban062000"]
[Result "1-0"]
[WhiteElo "2288"]
[BlackElo "2161"]
[TimeControl "180+1"]
[EndTime "15:43:05 PDT"]
[Termination "rikchessmx won by resignation"]

1. e4 c5 2. Nf3 Nc6 3. d4 cxd4 4. Nxd4 Nf6 5. Nc3 e5 6. Ndb5 d6 7. a4 a6 8. Na3 Be7 9. Be2 Nd4 10. Be3 Nxe2 11.
Qxe2 Be6 12. Nc4 Bxc4 13. Qxc4 Rc8 14. Qb3 O-O 15. O-O Rxc3 16. bxc3 Nxe4 17. Qxb7 Nxc3 18. Qxa6 d5 19. Bb6 Qd6 20. a5 d4 21. Qd3 Qh6 22. f4 e4 23. Qc4 Bf6 24. Kh1 e3 25. Bxd4 e2 26. Qxc3 exf1=Q+ 27. Rxf1 Bxd4 28. Qxd4 Qa6 29. Ra1 h6 30. Qb6 Qe2 31. a6 Re8 32. h3 Qe4 33.
Qb7 Qxc2 34. a7 1-0

[Event "Late-Titled-Tuesday-Blitz-March-19-2024"]
[Site "Chess.com"]
[Date "2024.03.19"]
[Round "9"]
[White "jaramsdal"]
[Black "MoldyTofu"]
[Result "1-0"]
[WhiteElo "2285"]
[BlackElo "2084"]
[TimeControl "180+1"]
[EndTime "15:43:06 PDT"]
[Termination "jaramsdal won by resignation"]

1. Nf3 Nf6 2. g3 g6 3. Bg2 Bg7 4. O-O O-O 5. d4 d6 6. Nc3 Nbd7 7. e4 e5 8. h3 exd4 9. Nxd4 Ne5 10. f4 Nc6 11. Nxc6 bxc6 12. Kh2 Bb7 13. Re1 Re8 14. Be3 d5 15. e5 Nd7 16. Qd2 Nb6 17. b3 Qe7 18. Rad1 Rad8 19. Qf2 Qb4 20. Rd3 Ba6 21. Bc5 Qa5 22. b4 Qa3 23. Nb5 Qxd3 24. cxd3 Bxb5 25. Bxb6 cxb6 26. d4 Rc8 27. f5 Bf8 28. e6 fxe6 29. fxe6 Bxb4 30. Qf7+ Kh8 31. Re3 Rf8 32. Qxa7 Rce8 33.
e7 Rf7 34. a4 Bc4 35. Qxb6 Bd2 36. Re6 Rfxe7 37. Rxe7 Rxe7 38. Qd8+ Kg7 39. Qxe7+ Kg8 40. Qe8+ Kg7 41. Qxc6 Kg8 42. Qd6 Kg7 43. Bxd5 1-0

[Event "Late-Titled-Tuesday-Blitz-March-19-2024"]
[Site "Chess.com"]
[Date "2024.03.19"]
[Round "9"]
[White "Sinquefield"]
[Black "Rodalquilar"]
[Result "1-0"]
[WhiteElo "2541"]
[BlackElo "2735"]
[TimeControl "180+1"]
[EndTime "15:43:10 PDT"]
[Termination "Sinquefield won on time"]

1. d4 d5 2. Nf3 Nf6 3. c3 Bf5 4.
Qb3 Qc8 5. h3 h6 6. Bf4 e6 7.
Nbd2 c5 8. e3 Nc6 9. Bb5 Be7 10.
Ne5 O-O 11. Bxc6 bxc6 12. Qa4 cxd4 13. Nxc6 Re8 14. Nxe7+ Rxe7 15. exd4 Rb7 16. Qa3 Bd3 17. Nb3 Ne4 18. f3 Nf6 19. Nc5 Bc4 20. Nxb7 Qxb7 21. Qb4 Qc6 22. b3 Ba6 23. Kf2 Kh7 24. Rac1 Rc8 25. Qe7 Bd3 26. Qxf7 Qa6 27. a4 Bg6 28.
Qe7 Qd3 29. Rhd1 Qf5 30. Qd6 Rf8 31. g4 Ne4+ 32. fxe4 Qxf4+ 33. Qxf4 Rxf4+ 34. Kg3 Rf8 35. Rf1 Rb8 36. exd5 exd5 37. c4 Rxb3+ 38. Rf3 dxc4 39. Rxc4 Rb1 40. Rc7 Rd1 41. Rd7 a5 42. Re3 Rd2 43. Ree7 Bb1 44. Rxg7+ Kh8 45. Rge7 Rd3+ 46. Kf4 Rxd4+ 47.
Rxd4 1-0

[Event "Late-Titled-Tuesday-Blitz-March-19-2024"]
[Site "Chess.com"]
[Date "2024.03.19"]
[Round "9"]
[White "ilushka"]
[Black "Kumi29"]
[Result "0-1"]
[WhiteElo "2394"]
[BlackElo "2573"]
[TimeControl "180+1"]
[EndTime "15:43:11 PDT"]
[Termination "Kumi29 won on time"]

1. Nf3 Nf6 2. g3 b5 3. Bg2 d5 4. a4 b4 5. c4 bxc3 6. bxc3 e6 7. Ba3 Bxa3 8. Nxa3 O-O 9. O-O Nbd7 10. c4 c6 11. Nd4 Qc7 12. Qc2 Qd6 13. cxd5 cxd5 14. Nab5 Qc5 15. Qxc5 Nxc5 16. Rfc1 Nce4 17. d3 e5 18. dxe4 exd4 19. exd5 Bg4 20. Nxd4 Rad8 21. e4 Rfe8 22. f3 Bd7 23. Bf1 g5 24. g4 h5 25. h3 hxg4 26. hxg4 Bxg4 27. fxg4 Rxe4 28. Nf5 Rxg4+ 29. Bg2 Rf4 30. Rf1 Kh7 31. Rxf4 gxf4 32. Rd1 Kg6 33. Ne7+ Kg5 34. Nc6 Rd6 35. a5 a6 36. Bf3 Nd7 37. Kf2 Nc5 38. Rb1 f5 39.
Rb6 Ne4+ 40. Kg2 Rxd5 41. Rxa6 Rd2+ 42. Kg1 Kh4 43. Ne5 Ng5 44. Rh6+ Kg3 0-1

[Event "Late-Titled-Tuesday-Blitz-March-19-2024"]
[Site "Chess.com"]
[Date "2024.03.19"]
[Round "9"]
[White "HandKnit"]
[Black "Vadim_Galchenko"]
[Result "1-0"]
[WhiteElo "2508"]
[BlackElo "2588"]
[TimeControl "180+1"]
[EndTime "15:43:12 PDT"]
[Termination "HandKnit won on time"]

1. c4 f5 2. d4 Nf6 3. Nc3 g6 4. Bf4 Bg7 5. e3 O-O 6. Be2 d6 7. Bg3 Nc6 8. Nh3 e5 9. O-O h6 10. c5 f4 11. dxe5 fxg3 12. exf6 gxh2+ 13. Kxh2 Qxf6 14. cxd6 cxd6 15. Nf4 Bf5 16. Qd5+ Kh7 17. Rad1 Rad8 18. Bd3 Ne5 19. Bxf5 gxf5 20. Kg1 Ng4 21. g3 Rfe8 22. Kg2 Rxe3 23. Nh5 Qg5 24. Nxg7 Rxg3+ 25. fxg3 Ne3+ 26. Kh2 Nxd5 27. Nxd5 Qxg7 28. Rxf5 Qxb2+ 29. Kh3 Qxa2 30. Rdf1 Qe2 31. Rf7+ Kh8 32. R1f5 Qe8 33.
Ne7 1-0

[Event "Late-Titled-Tuesday-Blitz-March-19-2024"]
[Site "Chess.com"]
[Date "2024.03.19"]
[Round "9"]
[White "mirochka"]
[Black "Supelyel"]
[Result "1/2-1/2"]
[WhiteElo "2278"]
[BlackElo "2380"]
[TimeControl "180+1"]
[EndTime "15:43:12 PDT"]
[Termination "Game drawn by repetition"]

1. e4 d6 2. d4 Nf6 3. Nc3 e5 4. Nf3 Nbd7 5. Bc4 Be7 6. O-O O-O 7. h3 c6 8. a4 h6 9. Be3 Qc7 10. a5 Rb8 11. Qd2 b5 12. axb6 axb6 13. Bxh6 gxh6 14. Qxh6 Nh7 15. Qg6+ Kh8 16. Bxf7 exd4 17. Nxd4 Ne5 18. Qh5 Nxf7 19. f4 Bf6 20. e5 Bg7 21. Ne4 dxe5 22. fxe5 Bxe5 23. Nxc6 Qxc6 24. Rxf7 Rxf7 25. Qxe5+ Kg8 26.
Qxb8 Qxe4 27. Qxc8+ Rf8 28. Qc7 Qe3+ 29. Kh1 Rf7 30.
Qd8+ Kg7 31. Rd1 Nf6 32. Qd6 Ne4 33. Qe5+ Kh7 34. Qh5+ Kg7 35. Qe5+ Kh7 36. Qh5+ Kg7 37. Qe5+ 1/2-1/2

[Event "Late-Titled-Tuesday-Blitz-March-19-2024"]
[Site "Chess.com"]
[Date "2024.03.19"]
[Round "9"]
[White "profedechess93"]
[Black "Kampkatten"]
[Result "0-1"]
[WhiteElo "2654"]
[BlackElo "2840"]
[TimeControl "180+1"]
[EndTime "15:43:13 PDT"]
[Termination "Kampkatten won by resignation"]

1. e4 g6 2. d4 Nf6 3. Nc3 d5 4. e5 Ne4 5. Bd3 Nxc3 6. bxc3 c5 7. h4 Qa5 8. Bd2 c4 9. Be2 h5 10. Nh3 Nc6 11. Nf4 Bh6 12. Nh3 Bg7 13. Rb1 b6 14.
Nf4 Bh6 15. Nh3 Bg7 16. Nf4 Bf5 17. g4 hxg4 18. Bxg4 e6 19. Bxf5 gxf5 20. Nh5 Bh6 21. Nf6+ Ke7 22. Qc1 f4 23. Ke2 Bg7 24. Bxf4 Bxf6 25.
exf6+ Kd7 26. Rh3 Rh5 27. Bg3 Rg8 28. Qf4 e5 29. dxe5 Rxe5+ 30. Kf1 Qxc3 31. Rd1 Ke6 32.
Qh6 Qxc2 33. Ra1 Qe2+ 34. Kg1 Nd4 35. Qf4 Qe4 36. Qxe4 Rxe4 37. Rd1 c3 38. Kf1 c2 39. Rc1 Rc8 40. Bh2 Ne2 0-1

[Event "Late-Titled-Tuesday-Blitz-March-19-2024"]
[Site "Chess.com"]
[Date "2024.03.19"]
[Round "9"]
[White "Viktor_Poddubnyi"]
[Black "wild3000"]
[Result "1-0"]
[WhiteElo "2313"]
[BlackElo "2429"]
[TimeControl "180+1"]
[EndTime "15:43:13 PDT"]
[Termination "Viktor_Poddubnyi won on time"]

1. e4 c5 2. Nf3 Nc6 3. d4 cxd4 4.
Nxd4 e6 5. Nc3 a6 6. Be3 Qc7 7.
Bd3 b5 8. O-O Bb7 9. Qe2 Nf6 10.
a3 Be7 11. Kh1 h5 12. f4 Ng4 13. Bg1 Rc8 14. Rae1 b4 15. Nxc6 Qxc6 16. axb4 Bxb4 17.
Bd4 f6 18. h3 Bc5 19. Bxc5 Qxc5 20. Bxa6 Bxa6 21. Qxa6 Kf7 22. Qd3 Rcd8 23. Qe2 Qd4 24.
Rd1 Qb6 25. b3 Ne3 26. Qf2 Qc5 27. Na4 1-0

[Event "Late-Titled-Tuesday-Blitz-March-19-2024"]
[Site "Chess.com"]
[Date "2024.03.19"]
[Round "9"]
[White "Likvidator228"]
[Black "Bkmzzzzz"]
[Result "1-0"]
[WhiteElo "2556"]
[BlackElo "2386"]
[TimeControl "180+1"]
[EndTime "15:43:14 PDT"]
[Termination "Likvidator228 won on time"]

1. g4 d5 2. Bg2 Bxg4 3. c4 c6 4. Qb3 Nd7 5. Qxb7 Qc8 6. Qxc8+ Rxc8 7. d3 e6 8. Nc3 Nb6 9. b3 Bb4 10. Bd2 Nf6 11. a3 Be7 12. Nf3 O-O 13. O-O Rfd8 14. Rfc1 dxc4 15. bxc4 Nxc4 16. Bf4 Nb6 17. Ne5 Nbd5 18. Nxd5 cxd5 19. Nxg4 Nxg4 20. Bc7 Re8 21. h3 Nf6 22. d4 g6 23. e3 h5 24. Bf1 Ne4 25.
Ba6 Nd2 26. Bxc8 Rxc8 27. Ba5 Nc4 28. Bb4 Bd8 29. Bc5 a6 30. Rab1 Kg7 31. Rb7 Rc6 32. Rd7 Bb6 33. Be7 Ba5 34. Rb1 1-0

[Event "Late-Titled-Tuesday-Blitz-March-19-2024"]
[Site "Chess.com"]
[Date "2024.03.19"]
[Round "9"]
[White "Yeritsyaan"]
[Black "Rawnsdale"]
[Result "1/2-1/2"]
[WhiteElo "2672"]
[BlackElo "2547"]
[TimeControl "180+1"]
[EndTime "15:43:15 PDT"]
[Termination "Game drawn by stalemate"]

1. b3 e5 2. Bb2 Nc6 3. e3 Nf6 4. Bb5 Bd6 5. Ne2 O-O 6. O-O a6 7. Bxc6 dxc6 8. d3 Re8 9. e4 Bg4 10. f3 Be6 11. Nd2 b5 12. Kh1 Nh5 13. Qe1 Qg5 14.
f4 exf4 15. Nf3 Qh6 16. Qh4 Be7 17. Qf2 Bg4 18. Kg1 Rad8 19. a4 b4 20. Rad1 Bf6 21.
Bxf6 Nxf6 22. Nd2 Nh5 23. Rde1 Re6 24. Nd4 Rg6 25. Nf5 Qg5 26. Nf3 Bxf3 27. Qxf3 Re8 28. Rf2 Rf6 29. Ref1 g6 30. h4 Rxf5 31. hxg5 Rxg5 32.
Qh3 Re6 33. Rxf4 Nxf4 34. Rxf4 Kg7 35. Qf3 Re7 36. Qf2 c5 37. Rf6 h5 38. Rc6 h4 39.
Rxc5 Rg4 40. Kh2 Re8 41. Rxc7 Rf8 42. e5 Rg5 43. e6 h3 44. Rxf7+ Rxf7 45. Qxf7+ Kh6 46.
Kxh3 Rh5+ 47. Kg4 Rg5+ 48. Kf4 a5 49. Qf8+ Kh7 50. Kxg5 1/2-1/2

[Event "Late-Titled-Tuesday-Blitz-March-19-2024"]
[Site "Chess.com"]
[Date "2024.03.19"]
[Round "9"]
[White "NikoTheodorou"]
[Black "Vaathi_Coming"]
[Result "1-0"]
[WhiteElo "3101"]
[BlackElo "2887"]
[TimeControl "180+1"]
[EndTime "15:43:16 PDT"]
[Termination "NikoTheodorou won by checkmate"]

1. Nf3 Nf6 2. b3 b6 3. Bb2 Bb7 4. g3 e6 5. Bg2 c5 6. c4 Be7 7.
O-O O-O 8. d4 d5 9. dxc5 bxc5 10. cxd5 exd5 11. Nc3 d4 12. Na4 Nbd7 13. Rc1 Re8 14.
b4 cxb4 15. Nxd4 Bxg2 16. Kxg2 Nb6 17. Nxb6 Qxb6 18. Nf5 Bf8 19. e3 Qa5 20. Qf3 Ne4 21. Rfd1 g6 22. Nd4 Qxa2 23. Rc2 Qa4 24. Rc7 Ng5 25. Qe2 Qa5 26. Nb5 a6 27. h4 axb5 28. Rdd7 Ne6 29. Qf3 f5 30. Qd5 Qa2 31. Qe5 Qb3 32.
Qh8# 1-0

[Event "Late-Titled-Tuesday-Blitz-March-19-2024"]
[Site "Chess.com"]
[Date "2024.03.19"]
[Round "9"]
[White "kids2010"]
[Black "GMBenjaminBok"]
[Result "0-1"]
[WhiteElo "2784"]
[BlackElo "2965"]
[TimeControl "180+1"]
[EndTime "15:43:16 PDT"]
[Termination "GMBenjaminBok won on time"]

1. e4 c5 2. Nf3 d6 3. c3 Nf6 4. h3 Nc6 5. Bd3 d5 6. e5 Nd7 7. Qe2 Qc7 8. Bb5 a6 9. Bxc6 Qxc6 10. O-O b6 11. d3 a5 12. a4 Ba6 13. c4 e6 14. Nc3 Be7 15. Nb5 O-O 16. Bg5 f6 17. exf6 gxf6 18. Bh6 Rf7 19. Rfe1 Bf8 20. Bf4 e5 21. Bd2 d4 22. Nh4 Bb7 23. f4 Re8 24.
Nf5 Kh8 25. Kh2 exf4 26. Qg4 Ne5 27. Rxe5 fxe5 28. Re1 Re6 29. Bxf4 exf4 30. Rxe6 Qxe6 31. Nh6 Qxh6 0-1

[Event "Late-Titled-Tuesday-Blitz-March-19-2024"]
[Site "Chess.com"]
[Date "2024.03.19"]
[Round "9"]
[White "ninguno46"]
[Black "Leo_C"]
[Result "0-1"]
[WhiteElo "2536"]
[BlackElo "2660"]
[TimeControl "180+1"]
[EndTime "15:43:17 PDT"]
[Termination "Leo_C won by resignation"]

1. e4 c5 2. Nc3 Nc6 3. f4 g6 4. Nf3 Bg7 5. Bb5 Nd4 6. O-O e6 7. d3 a6 8. Bc4 b5 9. Bb3 Bb7 10. Nxd4 cxd4 11. Ne2 Ne7 12. Qe1 d6 13. Qf2 Nc6 14.
f5 gxf5 15. exf5 e5 16. f6 Bf8 17. Ng3 Na5 18. Bd2 Nxb3 19. axb3 Qc7 20. c3 dxc3 21.
Bxc3 Rg8 22. Rae1 O-O-O 23. d4 Kb8 24. Rc1 Qb6 25. dxe5 Qxf2+ 26. Rxf2 dxe5 27. Bxe5+ Ka8 28. Rc7 Rd1+ 29. Nf1 Rd5 30. Re2 Rxe5 31. Rxe5 Rxg2+ 32. Kh1 Rf2+ 33. Rxb7 Kxb7 34. Kg1 Rxf6 35. Ng3 Bd6 36.
Re3 Bc5 37. Nf1 Rxf1+ 38. Kxf1 Bxe3 39. Ke2 Bd4 40. h4 Bxb2 0-1

[Event "Late-Titled-Tuesday-Blitz-March-19-2024"]
[Site "Chess.com"]
[Date "2024.03.19"]
[Round "9"]
[White "Goryachkina"]
[Black "FaustinoOro"]
[Result "1-0"]
[WhiteElo "2671"]
[BlackElo "2843"]
[TimeControl "180+1"]
[EndTime "15:43:18 PDT"]
[Termination "Goryachkina won on time"]

1. e4 e5 2. Nf3 Nc6 3. Nc3 Nf6 4. Bb5 Bb4 5. O-O O-O 6. d3 d6 7. Ne2 Ne7 8. Ng3 Ng6 9. c3 Bc5 10. d4 Bb6 11. h3 c6 12. Ba4 Re8 13. Re1 h6 14. Bc2 Bc7 15. Be3 Be6 16. Qd2 Qe7 17. Rad1 Rad8 18. Qc1 Qf8 19. b3 b5 20. a4 a6 21. b4 Bb6 22. a5 Bc7 23. Nf5 Nd7 24. Nxh6+ gxh6 25. Bxh6 Qe7 26. d5 Bxh3 27. gxh3 c5 28.
Kh2 Kh7 29. Rg1 Rg8 30. Rg2 f6 31. Rdg1 Qf7 32. Be3 cxb4 33. cxb4 Rc8 34. Qd1 Bd8 35. Nd2 1-0

[Event "Late-Titled-Tuesday-Blitz-March-19-2024"]
[Site "Chess.com"]
[Date "2024.03.19"]
[Round "9"]
[White "ChempionBg"]
[Black "Inepton_Fermion"]
[Result "1-0"]
[WhiteElo "2354"]
[BlackElo "2451"]
[TimeControl "180+1"]
[EndTime "15:43:22 PDT"]
[Termination "ChempionBg won by checkmate"]

1. d4 Nf6 2. c4 e6 3. Nf3 b6 4.
g3 Bb7 5. Bg2 Bb4+ 6. Bd2 a5 7.
O-O O-O 8. Nc3 d6 9. Bg5 Bxc3 10. bxc3 Nbd7 11. Nd2 Bxg2 12. Kxg2 h6 13. Bxf6 Qxf6 14.
e4 e5 15. Qf3 Qe6 16. Qd3 Rae8 17. f4 exf4 18. Rxf4 f5 19. exf5 Qe2+ 20. Qxe2 Rxe2+ 21. Rf2 Rxf2+ 22. Kxf2 Rxf5+ 23. Ke3 Nf6 24. h3 Rh5 25. Rh1 Kf7 26. Ne4 Nxe4 27. Kxe4 Ke6 28. g4 Rh4 29. Kf4 g5+ 30. Kg3 h5 31. Re1+ Kf6 32. Rf1+ Kg6 33. Rf8 hxg4 34. hxg4 Rh7 35. Rc8 Re7 36. Kf3 Kf6 37.
Rf8+ Kg7 38. Rf5 Kg6 39. Rf8 Re1 40. Rc8 Rc1 41. Rxc7 Rxc3+ 42. Ke4 Rg3 43. Kd5 Rxg4 44. Rc6 Rg1 45. Rxd6+ Kf7 46. Rxb6 g4 47. Rb7+ Ke8 48. c5 g3 49. Rg7 g2 50. c6 Rd1 51. Rxg2 Rxd4+ 52. Kxd4 a4 53. Kd5 a3 54. Kd6 Kf7 55. c7 Kf6 56.
c8=Q Kf7 57. Qe6+ Kf8 58. Rg8# 1-0

[Event "Late-Titled-Tuesday-Blitz-March-19-2024"]
[Site "Chess.com"]
[Date "2024.03.19"]
[Round "9"]
[White "KNVB"]
[Black "Bilan_Danila"]
[Result "1-0"]
[WhiteElo "2807"]
[BlackElo "2647"]
[TimeControl "180+1"]
[EndTime "15:43:23 PDT"]
[Termination "KNVB won by resignation"]

1. e4 e5 2. Nf3 Nc6 3. Nc3 Bb4 4. Nd5 Bc5 5. c3 d6 6. Bc4 Nge7 7. d4 exd4 8. cxd4 Bb6 9. Ng5 Ba5+ 10. Kf1 Be6 11. b4 Bxb4 12. Nxe6 fxe6 13. Nxb4 Nxb4 14. Qa4+ Nbc6 15.
d5 Qd7 16. dxc6 bxc6 17. Be3 O-O 18. Rd1 Rf7 19. g3 Raf8 20. Kg2 d5 21. Bb3 Qd6 22. Qd4 Ng6 23. exd5 exd5 24. Rhe1 h6 25. Kg1 Re8 26. f4 Rfe7 27. Bf2 Kh7 28. Rxe7 Rxe7 29. Bc2 Kg8 30. Qd3 Nf8 31. Re1 Nd7 32. Rxe7 Qxe7 33. Qe3 Qxe3 34. Bxe3 a6 35. Bd3 c5 36. Bxa6 d4 37.
Bd2 Nb6 38. Ba5 Nd5 39. Bc4 1-0

[Event "Late-Titled-Tuesday-Blitz-March-19-2024"]
[Site "Chess.com"]
[Date "2024.03.19"]
[Round "9"]
[White "martinmena"]
[Black "cukricek"]
[Result "0-1"]
[WhiteElo "2249"]
[BlackElo "2471"]
[TimeControl "180+1"]
[EndTime "15:43:24 PDT"]
[Termination "cukricek won by resignation"]

1. c4 Nf6 2. g3 g6 3. Bg2 Bg7 4. Nc3 O-O 5. d3 d6 6. Bg5 e5 7. Qd2 Nc6 8. e4 Be6 9. Nge2 Qd7 10. h3 Ne8 11. Bh6 f5 12. Bxg7 Nxg7 13. Nd5 Kh8 14. Qh6 Bg8 15. O-O Ne6 16. f4 Qg7 17. Qxg7+ Kxg7 18.
exf5 gxf5 19. b4 Rf7 20. b5 Ncd4 21. Nxd4 Nxd4 22. fxe5 dxe5 23. Ne3 c6 24. bxc6 bxc6 25. Rab1 Rd8 26. a4 Kg6 27. Rbd1 Rb7 28. g4 f4 29. Nf5 Nxf5 30. Be4 Be6 31. gxf5+ Bxf5 32. Bxc6 Rb2 33.
Be4 Kf6 34. Bxf5 Kxf5 35. Rf2 Rb3 36. Kf1 Rbxd3 37. Rxd3 Rxd3 38. Rc2 Rd6 39. c5 Rc6 40. Kf2 e4 41. Rc4 Ke5 42. a5 Kd5 43. Rb4 Rxc5 44.
Rb7 Rxa5 45. Rxh7 Ra2+ 46. Ke1 Kd4 47. Rb7 f3 48. Rb3 Ke5 49. Rb4 Kf4 50. h4 Kg3 51.
h5 f2+ 52. Kf1 Ra1+ 53. Ke2 f1=Q+ 54. Ke3 Qe1+ 55. Kd4 Qxb4+ 56. Ke5 Qc5+ 0-1

[Event "Late-Titled-Tuesday-Blitz-March-19-2024"]
[Site "Chess.com"]
[Date "2024.03.19"]
[Round "9"]
[White "KuzubovYuriy"]
[Black "chess94cu"]
[Result "1-0"]
[WhiteElo "2911"]
[BlackElo "2668"]
[TimeControl "180+1"]
[EndTime "15:43:25 PDT"]
[Termination "KuzubovYuriy won on time"]

1. d4 Nf6 2. c4 e6 3. Nf3 d5 4. Nc3 Nbd7 5. cxd5 exd5 6. Bf4 c6 7. e3 Nh5 8. Qc2 Nxf4 9. exf4 Bd6 10. g3 Nf6 11. Bd3 Bh3 12. Ne5 Bb4 13. f3 Qa5 14. Kf2 h5 15. Rhe1 Kf8 16. a3 Bd6 17. Na4 Re8 18. b4 Qc7 19. Rac1 Qd8 20. f5 Nd7 21. f4 Nf6 22.
Nc5 Qc8 23. b5 h4 24. bxc6 bxc6 25. Rb1 Ng4+ 26. Kg1 Nh6 27. Rb7 Bxe5 28. fxe5 Bxf5 29. Rf1 g6 30. e6 fxe6 31. Nd7+ Ke7 32. Nc5+ Kf6 33.
Qe2 1-0

[Event "Late-Titled-Tuesday-Blitz-March-19-2024"]
[Site "Chess.com"]
[Date "2024.03.19"]
[Round "9"]
[White "TheMagician"]
[Black "Kavyev_Ruslan"]
[Result "0-1"]
[WhiteElo "2228"]
[BlackElo "2443"]
[TimeControl "180+1"]
[EndTime "15:43:28 PDT"]
[Termination "Kavyev_Ruslan won on time"]

1. d4 d5 2. c4 e6 3. Nc3 Nf6 4. Bg5 Be7 5. e3 h6 6. Bh4 g5 7. Bg3 c5 8. cxd5 Nxd5 9. Nge2 Nc6 10. Nxd5 Qxd5 11. Nc3 Qd8 12. d5 exd5 13. Nxd5 Qa5+ 14. Qd2 Qxd2+ 15. Kxd2 Bd8 16. Nc7+ Bxc7 17. Bxc7 Be6 18.
a3 Rc8 19. Bg3 Ke7 20. Be2 Rhd8+ 21. Ke1 Na5 22. h4 Nb3 23. Rd1 Rxd1+ 24. Bxd1 b5 25. hxg5 hxg5 26. Rh5 Kf6 27. f4 gxf4 28. Bxf4 Kg6 29.
Rh6+ Kg7 30. Rh5 Kg6 31. Re5 Na5 32. b4 Nc4 33. Rxc5 Rxc5 34. bxc5 Nxa3 35. c6 b4 0-1

[Event "Late-Titled-Tuesday-Blitz-March-19-2024"]
[Site "Chess.com"]
[Date "2024.03.19"]
[Round "9"]
[White "rodp92"]
[Black "Keks2017"]
[Result "1-0"]
[WhiteElo "2511"]
[BlackElo "2574"]
[TimeControl "180+1"]
[EndTime "15:43:30 PDT"]
[Termination "rodp92 won by checkmate"]

1. d4 d6 2. Nf3 Nf6 3. g3 g6 4.
Bg2 Bg7 5. O-O O-O 6. c4 Nbd7 7. Nc3 e5 8. e3 Re8 9. b3 c6 10. a4 a5 11. Ba3 exd4 12. Nxd4 Nc5 13. Qd2 Qb6 14.
Rab1 Bd7 15. Rfd1 Rad8 16. h3 Bc8 17. Qc2 Na6 18. Qe2 Nb4 19. g4 Nd7 20. Rbc1 Nc5 21. Na2 Bxd4 22. Rxd4 Nxb3 23. Rdd1 Nxc1 24. Rxc1 Be6 25. Nxb4 axb4 26. Bb2 Qa5 27. h4 f5 28. h5 fxg4 29. hxg6 hxg6 30. c5 dxc5 31. Qc2 Bf7 32. Ba1 c4 33. Bf6 c3 34. Be4 Rd2 35. Qb1 Rb2 36. Qd3 Rd2 37. Qb1 Kh7 38. Bd4 c5 39. Bf6 Qxa4 40. Kg2 Kg8 41. Rh1 Rxe4 42. Rh8# 1-0

[Event "Late-Titled-Tuesday-Blitz-March-19-2024"]
[Site "Chess.com"]
[Date "2024.03.19"]
[Round "9"]
[White "tylityli"]
[Black "KetiTsatsalashvili"]
[Result "0-1"]
[WhiteElo "2323"]
[BlackElo "2466"]
[TimeControl "180+1"]
[EndTime "15:43:30 PDT"]
[Termination "KetiTsatsalashvili won on time"]

1. d4 Nf6 2. c4 e6 3. Nc3 d5 4.
cxd5 exd5 5. Bg5 c6 6. e3 Be7 7. Bd3 Bg4 8. Qc2 Nbd7 9. Nge2 Bh5 10. h3 Bg6 11. O-O O-O 12. Nf4 Bxd3 13. Nxd3 Nh5 14. Bxe7 Qxe7 15. Qe2 Nhf6 16. Nf4 Ne4 17. Nxe4 dxe4 18.
a3 a5 19. Qc4 a4 20. Rfc1 Nf6 21. b3 axb3 22. Qxb3 Ra6 23. a4 Rfa8 24. Rab1 R8a7 25. Rc4 h6 26. Rb4 g5 27. Ne2 Nd5 28. Rxb7 Rxb7 29. Qxb7 Qxb7 30. Rxb7 Rxa4 31. Rb8+ Kg7 32. Rc8 Ra1+ 33.
Kh2 Ra2 34. Ng3 Rxf2 35. Nxe4 Rc2 36. Nd6 Nxe3 37. Rc7 Rxg2+ 38. Kh1 Rf2 39. Rxc6 h5 40. Rc3 Nd5 41. Rg3 f6 42. Ra3 Nf4 43. Ra7+ Kg6 44. Ra6 Nxh3 45. Ne4 Rf4 0-1